 Dungeon Crawl Stone Soup version 0.28-a0-843-gb979743d38 (webtiles) character file.

Game seed: 10910649672481895297

2895 Ijustatesigmund the Fighter (level 9, -6/90 HPs)
             Began as a Gargoyle Fighter on Nov 12, 2021.
             Mangled by a hobgoblin (8 damage)
             ... in a bailey.
             The game lasted 00:16:41 (10911 turns).

Ijustatesigmund the Fighter (Gargoyle Fighter)     Turns: 10911, Time: 00:16:42

Health: -6/90      AC: 24    Str: 20    XL:     9   Next: 77%
Magic:  3/3        EV:  2    Int: 12    God:
Gold:   385        SH:  4    Dex:  9    Spells: 8/8 levels left

rFire   . . .      SeeInvis .   t - +5 whip of Distraction {antimagic, rCorr}
rCold   . . .      Faith    .   c - +0 buckler
rNeg    + . .      Spirit   .   (armour currently unavailable)
rPois   ∞          Reflect  .   (helmet currently unavailable)
rElec   .          Harm     .   (cloak currently unavailable)
rCorr   +          Rampage  .   (gloves currently unavailable)
Will    .....      NoTele   +   (boots currently unavailable)
Stlth   ++........              (no amulet)
HPRegen 0.25/turn               (no ring)
MPRegen 0.08/turn               (no ring)

@: tree-form, on berserk cooldown, hasted and slowed
A: stationary, stasis, torment immunity, boosted hp, sickness immunity, AC +6,
negative energy resistance 1, (electricity resistance), torment resistance 1,
petrification resistance
a: no special abilities


You were in a bailey.
You were a tree.
You visited 2 branches of the dungeon, and saw 9 of its levels.
You also visited: Bailey.

You collected 385 gold pieces.

Inventory:

Hand Weapons
 a - a +0 flail
 t - the +5 whip of Distraction (weapon) {antimagic, rCorr}
   (You found it on level 6 of the Dungeon)

   It reduces the magical energy of the wielder, and disrupts the spells and
   magical abilities of those it strikes.
   Natural abilities and divine invocations are not affected.
   rCorr:     It protects you from acid and corrosion.
Missiles
 f - 43 poisoned darts (quivered)
 r - a throwing net
Armour
 b - a +0 chain mail (melded)
 c - a +0 buckler (worn)
 g - a +1 hat (melded)
 s - a +1 pair of gloves (melded)
 x - a +0 cloak (melded)
Jewellery
 p - a ring of wizardry
Wands
 m - a wand of flame (20)
 v - a wand of charming (12)
Scrolls
 o - 2 scrolls of torment
 q - a scroll of teleportation
Potions
 d - a potion of might
 h - 2 potions of flight
 i - a potion of brilliance
 j - 2 potions of lignification
 k - a potion of attraction


   Skills:
 + Level 9.2 Fighting
 + Level 8.1 Maces & Flails
 - Level 7.6 Armour
 + Level 2.2 Stealth
 - Level 3.5 Shields
 + Level 1.7 Evocations


You had 8 spell levels left.
You didn't know any spells.
Your spell library contained the following spells:

 Spells                   Type           Power      Damage    Failure   Level
 Freeze                   Ice            0%         1d3       34%         1
 Ensorcelled Hibernation  Hex/Ice        0%         N/A       45%         2
 Frozen Ramparts          Ice            0%         1d2       71%         3
 Spider Form              Tmut/Pois      0%         N/A       71%         3
 Hailstorm                Conj/Ice       0%         3d3       98%         4


Dungeon Overview and Level Annotations

Branches:
Dungeon (8/15)             Temple (1/1) D:5          Bailey (1/1)
   Lair: D:8-11

Altars:
Elyvilon
Fedhas
Gozag
Hepliaklqana
Makhleb
Nemelex Xobeh
Okawaru
Qazlal
Sif Muna
Trog
Vehumet
Wu Jian
Xom
Yredelemnul
Zin
The Shining One

Annotations:
D:4 3 runed translucent doors, paps's ghost, amateur OpDe


Innate Abilities, Weirdness & Mutations

You are a tree.
Your roots penetrate the ground, keeping you stationary.
You cannot be teleported.
You are immune to unholy pain and torment.
Your maximum health is greatly increased.
Your equipment is partially melded.
You are immune to sickness and miasma.
((Your stone body is resilient. (AC +6)))
You are immune to poison.
You resist negative energy. (rN+)
((You are resistant to electric shocks. (rElec)))
You are resistant to unholy torment.
You are immune to petrification.


Message History

The hobgoblin hits you but does no damage.
The goblin hits you with a +0 hand axe.
* * * LOW HITPOINT WARNING * * *
The gnoll hits you but does no damage. The orc hits you but does no damage.
A goblin comes into view. It is wielding a +0 hand axe.
You feel yourself speed up.
The hobgoblin hits you but does no damage.
The goblin hits you but does no damage. The gnoll hits you with a +0 hand axe.
* * * LOW HITPOINT WARNING * * *
The orc hits you with a +0 hand axe.
* * * LOW HITPOINT WARNING * * *
A goblin comes into view. It is wielding a +0 hand axe.
The hobgoblin hits you but does no damage.
The goblin hits you but does no damage. The gnoll hits you but does no damage.
It was a potion of magic.
Magic courses through your body.
The goblin shouts!
You hear a shout!
You block the orc's attack.
The hobgoblin hits you but does no damage.
The goblin hits you but does no damage. The gnoll hits you but does no damage.
The goblin shouts!
You whack the orc!
You kill the orc!
You closely miss the hobgoblin.
The hobgoblin hits you but does no damage.
The goblin hits you but does no damage. The gnoll hits you but does no damage.
The hobgoblin hits you but does no damage.
You hit the hobgoblin but do no damage.
The hobgoblin hits you but does no damage.
The goblin hits you but does no damage. The gnoll hits you with a +0 hand axe.
* * * LOW HITPOINT WARNING * * *
You closely miss the hobgoblin.
The hobgoblin hits you with a +0 war axe.
* * * LOW HITPOINT WARNING * * *
An orc comes into view. It is wielding a +0 hand axe.
The hobgoblin hits you but does no damage.
You closely miss the hobgoblin.
The orc shouts!
You hear a shout! x2
The goblin barely misses you. The gnoll hits you but does no damage.
The hobgoblin hits you with a +0 war axe!
You die...

#.....#
.......
o......##
........#
#
....g...##
#
...⌠..gg.
.....ggg#
.....gg♣#
.....og##
......o
#.....#
####+#


You could see 3 gnolls, 3 orcs, 3 hobgoblins and 3 goblins.

Vanquished Creatures
  Maggie (D:6)
  A wyvern (D:7)
  A black bear (D:6)
  An ice beast (D:8)
  3 orc warriors
  3 necrophages
  A sky beast (D:7)
  2 ogres
  A centaur (D:7)
  A kobold brigand (D:5)
  3 bullfrogs
  A scorpion (D:4)
  A wyvern skeleton (D:5)
  5 wights (D:4)
  A killer bee (D:8)
  A howler monkey (D:5)
  4 hounds
  A bullfrog skeleton (D:6)
  2 orc priests
  3 iguanas
  Terence (D:3)
  2 orc wizards
  A hound zombie (D:5)
  2 hound skeletons
  9 adders
  7 gnolls
  A worm (D:2)
  9 dart slugs
  26 orcs
  9 ball pythons
  5 endoplasms
  A giant cockroach (D:1)
  17 goblins
  12 hobgoblins
  4 jackals (D:1)
  7 quokkas
  5 bats
  2 frilled lizards
  24 kobolds
  5 rats
186 creatures vanquished.

Vanquished Creatures (collateral kills)
  An endoplasm (D:2)
  A kobold (D:2)
2 creatures vanquished.

Vanquished Creatures (others)
  11 plants
11 creatures vanquished.

Grand Total: 199 creatures vanquished

Notes
Turn   | Place    | Note
-------+----------+-------------------------------------------
     0 | D:1      | Ijustatesigmund the Gargoyle Fighter began the quest for
                  | the Orb.
     0 | D:1      | Reached XP level 1. HP: 14/14 MP: 1/1
   133 | D:1      | Reached XP level 2. HP: 19/19 MP: 2/2
   335 | D:1      | Found a faded altar of an unknown god.
   953 | D:2      | Reached XP level 3. HP: 24/24 MP: 3/3
  1478 | D:2      | Reached skill level 4 in Fighting
  1786 | D:2      | Reached XP level 4. HP: 25/29 MP: 4/4
  2511 | D:3      | Found an opulent altar of Gozag.
  2516 | D:3      | Found a glowing golden altar of the Shining One.
  2517 | D:3      | Found an ornate altar of the Wu Jian Council.
  2834 | D:3      | Noticed Terence
  2847 | D:3      | Killed Terence
  2848 | D:3      | Reached XP level 5. HP: 18/34 MP: 5/5
  3193 | D:3      | Reached skill level 5 in Fighting
  3318 | D:3      | You fall into a shaft and drop 3 floors!
  3605 | D:6      | Noticed a black bear
  3623 | D:6      | Killed a black bear
  3624 | D:6      | Reached XP level 6. HP: 28/41 MP: 6/6
  3840 | D:5      | Entered Level 5 of the Dungeon
  4103 | D:5      | Noticed a necrophage
  4119 | D:5      | Found a staircase to the Ecumenical Temple.
  4124 | Temple   | Entered the Ecumenical Temple
  4516 | Temple   | Killed a necrophage
  4517 | Temple   | Reached skill level 6 in Fighting
  4517 | Temple   | Reached skill level 5 in Maces & Flails
  4517 | Temple   | Reached XP level 7. HP: 36/46 MP: 7/7
  4883 | D:4      | Reached skill level 5 in Armour
  5396 | D:4      | Found a runed translucent gate.
  5398 | D:4      | Found a runed translucent gate.
  5399 | D:4      | Found a runed translucent gate.
  5400 | D:4      | Found an opulent altar of Gozag.
  5400 | D:4      | Noticed paps's ghost (amateur OpDe)
  5493 | D:4      | Reached XP level 8. HP: 34/52 MP: 8/8
  5758 | D:4      | Reached skill level 7 in Fighting
  6526 | D:4      | You fall into a shaft and drop 2 floors!
  8015 | D:6      | Noticed Maggie
  8034 | D:6      | Killed Maggie
  8035 | D:6      | Reached skill level 8 in Fighting
  8035 | D:6      | Reached XP level 9. HP: 19/59 MP: 9/9
  8456 | D:6      | Identified the +5 whip of Distraction {antimagic, rCorr}
  9098 | D:7      | Found a burning altar of Makhleb.
  9792 | D:7      | Found a shimmering altar of Xom.
 10562 | D:8      | Reached skill level 9 in Fighting
 10562 | D:8      | Reached skill level 1 in Stealth
 10608 | D:8      | Found a flagged portal.
 10616 | D:8      | Reached skill level 1 in Evocations
 10628 | Bailey   | Entered a bailey
 10889 | Bailey   | Noticed an orc knight
 10905 | Bailey   | HP: 3/90 [orc (4)]
 10910 | Bailey   | HP: 2/90 [hobgoblin (1)]
 10911 | Bailey   | Mangled by a hobgoblin

Illustrated notes

Levels and vault maps discovered:
D:1:      erik_arrival_blinker_ship, layout_basic,
          hellmonk_ecumenical_altar_lost_god
D:2:      layout_loops_ring, serial_forest, infiniplex_forest_split,
          infiniplex_forest_diagonal, infiniplex_forest_clump_tiny,
          infiniplex_forest_clump_curved, infiniplex_forest_clump_tiny
D:3:      kennysheep_slugbush, layout_basic, grunt_temple_overflow_open,
          uniq_terence
D:4:      layout_loops_ring, ebering_ghost_gozag
D:5:      kennysheep_kobold_camp, layout_rooms, temple_doors_e
D:6:      layout_basic, uniq_maggie
D:7:      layout_layer_cave, mainiacjoe_overflow_paths,
          makhleb_blood_cavern_becter
D:8:      layout_rooms, chei_slow_surprise, enter_bailey_4
Temple:   minmay_temple_curvy_loop
Bailey:   bailey_axe_minmay_hex_keep, bailey

Skill      XL: |  1  2  3  4  5  6  7  8  9 |
---------------+----------------------------+-----
Fighting       | 4 5 6 8 9 |  9.2
Maces & Flails | 3 4 5 7 8 |  8.1
Armour         | 4 5 6 7 |  7.6
Stealth        | 2 |  2.2
Evocations     | 1 |  1.7
Shields        | |  3.5

Action                   |  1- 3 |  4- 6 |  7- 9 || total
-------------------------+-------+-------+-------++-------
Melee: Flail             |   177 |   150 |   327 ||   654
       Whip              |       |       |   254 ||   254
Throw: Dart              |       |    14 |    29 ||    43
  Use: Scroll            |     3 |     1 |    13 ||    17
       Potion            |       |     1 |     8 ||     9
Armor: Scale mail        |   126 |    30 |       ||   156
       Chain mail        |       |    66 |   430 ||   496
       Skin              |       |       |    21 ||    21
Dodge: Dodged            |   118 |    65 |   240 ||   423
Block: Buckler           |    48 |    25 |   122 ||   195

Table legend: (Time is in decaauts)
 A = Elapsed time spent in this place.
 B = Non-inter-level travel time spent in this place.
 C = Inter-level travel time spent in this place.
 D = Time resting spent in this place.
 E = Time spent auto-exploring this place.
 F = Levels seen in this place.
 G = Mean time per level.
                   A        B        C        D        E       F      G
               +--------+--------+--------+--------+--------+-----+--------+
         Total |  10988 |  10805 |    183 |   2938 |   6068 |  10 | 1098.8 |
       Dungeon |  10256 |  10099 |    157 |   2638 |   5789 |   8 | 1282.0 |
        Temple |    458 |    432 |     26 |    212 |    192 |   1 |  458.0 |
        Bailey |    274 |    274 |      0 |     88 |     87 |   1 |  274.0 |
               +--------+--------+--------+--------+--------+-----+--------+

Top non-repeatable levels by time:
     D:4: 1975 daAuts
     D:6: 1740 daAuts
     D:7: 1526 daAuts
     D:5: 1383 daAuts
     D:2: 1331 daAuts
     D:3: 1293 daAuts
     D:1: 936 daAuts
  Temple: 458 daAuts
  Bailey: 274 daAuts
     D:8: 69 daAuts
